Map: Eternal Empire LE

Players

LiquidMaNa (MaNa)

  • Race: Protoss Protoss
  • League: Master
  • Spawn Location: 7:00

HeroMarine - Winner!

  • Race: Terran Terran
  • League: Master
  • Spawn Location: 1:00

Event: StayAtHomestory Cup #2

VOD

Have the link to the VOD?

Description

Time

  • Played on: June 11, 2020, 12:30 p.m.
  • Length: 4:54

All games in this series

Show
View Real Time Build Order
Export as new Build Order

LiquidMaNa Protoss 

Build Orders: Dark Templar Rush 

Get SALT Encoding   

  12  0:00  Probe  
  13  0:12  Probe  
  14  0:17  Pylon  
  14  0:23  Probe  
  15  0:31  Probe  
  16  0:37  Gateway  
  16  0:39  Probe  
  16  0:45  Assimilator  
  17  0:51  Probe  
  18  0:59  Probe  
  19  1:04  Assimilator  
  19  1:07  Probe  
  19  1:17  Probe  
  20  1:24  Cybernetics Core  
  21  1:29  Probe  
  22  1:45  Nexus  
  22  1:52  Probe  
  23  1:54  Pylon  
  23  2:02  Warp Gate  
  23  2:03  Stalker  
  23  2:12  Probe  
  25  2:23  Twilight Council  
  25  2:24  Probe  
  26  2:33  Sentry  
  26  2:36  Probe  
  29  2:48  Probe  
  30  2:55  Probe, Pylon  
  31  3:01  Probe  
  31  3:02  Dark Shrine  
  31  3:03  Probe  
  31  3:05  Stalker  
  34  3:11  Probe  
  35  3:13  Probe  
  37  3:21  Gateway  
  37  3:23  Probe  
  37  3:25  Probe  
  38  3:44  Probe  
  38  3:45  Probe  
  35  3:53  Probe  
  35  3:56  Probe  
  35  3:57  Robotics Facility  
  35  4:01  Probe  
  37  4:08  Probe  
  39  4:10  Probe  
  39  4:15  Dark Templar  
  39  4:16  Probe, Dark Templar  
  44  4:18  Probe  
  46  4:24  Probe  
  46  4:26  Probe  
  48  4:34  Probe  
  48  4:38  Probe, Pylon  
  49  4:42  Assimilator  
  49  4:44  Assimilator  
Show
View Real Time Build Order
Export as new Build Order

HeroMarine Terran - Winner!

Build Orders: Gas First Reaper Expand, Banshee Rush 

Get SALT Encoding   

  12  0:00  SCV  
  13  0:13  SCV  
  14  0:17  Supply Depot  
  14  0:25  SCV  
  15  0:29  Refinery  
  15  0:39  SCV  
  16  0:44  Barracks  
  16  0:51  SCV  
  17  1:03  SCV  
  18  1:15  SCV  
  19  1:31  Orbital Command, Reaper  
  20  1:51  Command Center  
  20  1:57  Factory  
  20  1:58  SCV  
  21  2:05  Barracks Reactor  
  21  2:10  SCV  
  21  2:15  Supply Depot  
  22  2:21  Refinery  
  22  2:23  SCV  
  24  2:37  SCV  
  24  2:45  Starport  
  24  2:46  Hellion x2  
  24  2:49  SCV  
  29  2:54  Barracks Tech Lab  
  29  3:01  SCV  
  29  3:03  Orbital Command  
  30  3:13  SCV  
  30  3:19  Marine x2  
  33  3:24  Factory Tech Lab  
  33  3:25  SCV, Supply Depot  
  34  3:27  Cloaking Field  
  34  3:30  Banshee  
  37  3:37  SCV  
  38  3:44  Marine x2  
  39  3:49  SCV  
  39  3:50  SCV  
  44  3:57  Supply Depot  
  44  4:01  SCV  
  43  4:02  SCV  
  43  4:03  Marine x2  
  43  4:04  Engineering Bay  
  45  4:14  SCV  
  45  4:15  SCV  
  49  4:21  Marine x2  
  51  4:26  SCV  
  51  4:27  SCV  
  51  4:29  Missile Turret  
  53  4:38  SCV  
  57  4:39  SCV  
  57  4:43  Supply Depot  
Tags
 
Add a new tag
Caveats
  • Supply blocks, unpowered buildings, or Contaminate may cause inaccurate times.
  • Supply counts are checked every 10 seconds.